 Dungeon Crawl Stone Soup version 0.20-a0-1034-gb277f92 (webtiles) character file.

536 Duffy the Chopper (level 7, -2/59 HPs)
             Began as a Minotaur Fighter on Apr 21, 2017.
             Was an Initiate of Makhleb.
             Slain by a two-headed ogre
             ... wielding a +0 giant club
              (10 damage)
             ... on level 5 of the Dungeon.
             The game lasted 00:03:55 (3890 turns).

Duffy the Chopper (Minotaur Fighter)                Turns: 3890, Time: 00:03:56

Health: -2/59      AC:  8    Str: 22    XL:     7   Next: 4%
Magic:  6/6        EV:  6    Int:  5    God:    Makhleb [......]
Gold:   123        SH: 15    Dex: 10    Spells: 6/6 levels left

rFire    . . .     SeeInvis +   a - +0 war axe
rCold    . . .     Gourm    .   j - +0 large shield
rNeg     . . .     Faith    .   b - +0 scale mail
rPois    .         Spirit   .   u - +0 hat
rElec    .         Reflect  .   o - +0 cloak of Doraiste {SInv}
rCorr    .         Harm     .   (no gloves)
MR       .....                  (no boots)
Stlth    ..........             (no amulet)
Regen    0.2/turn               e - +3 ring of slaying
MPRegen  0.1/turn               (no ring)

@: no status effects
A: retaliatory headbutt, horns 2
a: Renounce Religion


You were on level 5 of the Dungeon.
You worshipped Makhleb.
Makhleb was noncommittal.
You were near starving.

You visited 2 branches of the dungeon, and saw 6 of its levels.

You collected 213 gold pieces.
You spent 90 gold pieces at shops.

Inventory:

Hand Weapons
 a - a +0 war axe (weapon)
Armour
 b - a +0 scale mail (worn)
 j - a +0 large shield (worn)
 o - the +0 cloak of Doraiste (worn) {SInv}
   (You found it on level 4 of the Dungeon)

   It lets you see invisible.
 u - a +0 hat (worn)
Jewellery
 e - a +3 ring of slaying (left hand)
 w - an uncursed ring of ice
Scrolls
 g - a scroll of fear {unknown}
 h - 2 scrolls of remove curse
 k - a scroll of recharging {unknown}
 n - a scroll of magic mapping {unknown}
 p - 2 scrolls of teleportation
 q - a scroll of enchant armour {unknown}
 s - a scroll of blinking {unknown}
Potions
 c - 2 potions of heal wounds
 d - a potion of might
 l - a potion of ambrosia
 r - a potion of curing
 t - a potion of haste
 v - a potion of resistance {unknown}
Comestibles
 f - 4 bread rations
 i - 4 meat rations
 m - a royal jelly


   Skills:
 + Level 4.2 Fighting
 * Level 6.9 Axes
 + Level 4.3 Armour
 + Level 6.3 Shields


You had 6 spell levels left.
You didn't know any spells.

Dungeon Overview and Level Annotations

Branches:
Dungeon (5/15)             Temple (1/1) D:4

Altars:
Ashenzari
Cheibriados
Dithmenos
Elyvilon
Fedhas
Gozag
Hepliaklqana
Makhleb
Nemelex Xobeh
Okawaru
Qazlal
Ru
Sif Muna
Trog
Wu Jian
Xom
Zin
The Shining One


Innate Abilities, Weirdness & Mutations

You reflexively headbutt those who attack you in melee.
You have a pair of horns on your head.


Message History

There is an open door here.
Search for what [Enter for "mak", or ? for help]? wand Can't find anything matching that.
You aren't carrying any items that you can evoke.
Unknown command.
You aren't carrying any items that you can evoke.
Unknown command.
You slash the two-headed ogre!
The two-headed ogre is lightly wounded.
The two-headed ogre hits you with a giant club.
The two-headed ogre completely misses you.
You slash the two-headed ogre!
The two-headed ogre is moderately wounded.
The two-headed ogre hits you with a giant club!!
You block the two-headed ogre's attack.
You hit the two-headed ogre. You headbutt the two-headed ogre!
The two-headed ogre is heavily wounded.
The two-headed ogre hits you with a giant club!!
The two-headed ogre hits you with a giant club!
You die...

####......................+..
#.....######...........#..
#.....#....+...........#..
#.(...'....#.....#########
#.....##...#.....#........
########...#.....#........
#......'...+.....#...#.#..
#......#...#.....+...#.#..
#.#######@##.....#...#.#..
#O..#.....#...#.#..
.....#.....#####.#..
.......#..........^#..
.........#.....#######..
.$.......#.....#....##..
...#######....##....# ###
........#..<..#
........'.....#


You could see a two-headed ogre.

Vanquished Creatures
  Grinder (D:5)
  The ghost of Malvoorn the Skirmisher, an amateur DsAK of Lugonu (D:3)
  An orc priest (D:4)
  A hound (D:4)
  2 iguanas (D:4)
  An orc wizard (D:4)
  5 adders (D:3)
  An ooze (D:1)
  A worm (D:5)
  5 dart slugs
  2 leopard geckos
  4 orcs (D:4)
  6 bats
  A giant cockroach (D:1)
  9 hobgoblins
  4 jackals (D:4)
  A kobold (D:3)
  2 ball pythons (D:2)
  5 frilled lizards
  5 goblins
  6 rats
64 creatures vanquished.

Notes
Turn   | Place    | Note
-------+----------+-------------------------------------------
     0 | D:1      | Duffy the Minotaur Fighter began the quest for the Orb.
     0 | D:1      | Reached XP level 1. HP: 19/19 MP: 0/0
   181 | D:1      | Reached XP level 2. HP: 27/27 MP: 1/1
   600 | D:2      | Reached XP level 3. HP: 33/33 MP: 2/2
   762 | D:2      | Found a glowing golden altar of the Shining One.
  1184 | D:3      | Found a shadowy altar of Dithmenos.
  1544 | D:3      | Found a deep blue altar of Sif Muna.
  1790 | D:3      | Reached XP level 4. HP: 40/40 MP: 3/3
  1809 | D:3      | Noticed Malvoorn's ghost (amateur DsAK)
  1854 | D:3      | Killed Malvoorn's ghost
  1854 | D:3      | Reached skill level 5 in Axes
  1854 | D:3      | Reached skill level 5 in Shields
  1854 | D:3      | Reached XP level 5. HP: 35/46 MP: 4/4
  2575 | D:4      | Found Zin's Purification Station.
  2577 | D:4      | Found a glowing silver altar of Zin.
  2583 | D:4      | Bought a potion of curing for 90 gold pieces
  2693 | D:4      | Reached XP level 6. HP: 51/52 MP: 5/5
  2920 | D:4      | Found a staircase to the Ecumenical Temple.
  2934 | Temple   | Entered the Ecumenical Temple
  3142 | Temple   | Became a worshipper of Makhleb the Destroyer
  3167 | D:4      | Got a transparent cloak
  3178 | D:4      | Identified the cursed +0 cloak of Doraiste {SInv} (You found it on level 4 of the Dungeon)
  3484 | D:5      | Entered Level 5 of the Dungeon
  3519 | D:5      | Found a stormy altar of Qazlal.
  3522 | D:5      | Noticed a water elemental
  3523 | D:5      | Noticed an air elemental
  3523 | D:5      | Noticed a fire elemental
  3581 | D:5      | Noticed Grinder
  3582 | D:5      | Paralysed by Grinder for 7 turns
  3595 | D:5      | Killed Grinder
  3595 | D:5      | Reached XP level 7. HP: 42/59 MP: 6/6
  3886 | D:5      | Noticed a two-headed ogre
  3890 | D:5      | Slain by a two-headed ogre

Vault maps used:
D:1:      doesnt_arrival_goblin_jail, minmay_cut_off
D:2:      lemuel_round_altar, minmay_misc_feat_tower
D:3:      old_standard_altar, nicolae_dithmenos_shadow_blocks
D:4:      zin_purify, minmay_temple_entry_butterflies, first_bread
D:5:      kennysheep_mini, nicolae_qazlal_style_of_elements, corner_web_ring,
          uniq_grinder, uniq_edmund
Temple:   nicolae_temple_great_sept

Skill      XL: |  1  2  3  4  5  6 |
---------------+-------------------+-----
Axes           | 3 4 5 6 |  6.9
Shields        | 4 5 6 |  6.3
Fighting       | 4 |  4.2
Armour         | 4 |  4.3

Action                   |  1- 3 |  4- 6 |  7- 9 || total
-------------------------+-------+-------+-------++-------
Melee: War axe           |   123 |    88 |     4 ||   215
       Headbutt          |    10 |    11 |     2 ||    23
  Use: Scroll            |     4 |     3 |       ||     7
       Potion            |       |     3 |       ||     3
  Eat: Chunk             |     3 |     5 |       ||     8
Armor: Scale mail        |    54 |    44 |       ||    98
Dodge: Dodged            |    18 |    17 |     2 ||    37
Block: Shield            |    13 |       |       ||    13
       Large shield      |    92 |    73 |     1 ||   166
